 Dungeon Crawl Stone Soup version 0.29-a0-819-g94b489e0ae (webtiles) character file.

Game seed: 3898271774866235721

47250 kevlar127 the Brawler (level 14, -2/153 HPs)
             Began as a Troll Berserker on July 6, 2022.
             Was a High Priest of Trog.
             Slain by Donald
             ... wielding a +0 eveningstar
              (40 damage)
             ... on level 1 of the Swamp on July 7, 2022.
             The game lasted 02:12:12 (22940 turns).

kevlar127 the Brawler (Troll Berserker)            Turns: 22940, Time: 02:12:12

Health: -2/153     AC: 19    Str: 32    XL:     14   Next: 7%
Magic:  13/13      EV:  4    Int:  3    God:    Trog [*****.]
Gold:   814        SH:  5    Dex:  9    Spells: 13/13 levels left

rFire   + + .      SeeInvis .     - Unarmed
rCold   + + .      Faith    .   (no shield)
rNeg    . . .      Spirit   .   P - +3 gold dragon scales
rPois   +          Reflect  +   (helmet restricted)
rElec   .          Harm     .   a - scarf {rC+ rF+}
rCorr   .          Rampage  .   (gloves unavailable)
Will    ++++.                   (boots unavailable)
Stlth   ..........              u - amulet of reflection
HPRegen 2.15/turn               D - +4 ring of slaying
MPRegen 0.13/turn               O - ring of willpower

@: strong-willed, regenerating
A: large, unfitting armour, claws 3, regeneration 1, shaggy fur 1, tough skin 1
a: Renounce Religion, Berserk, Trog's Hand, Brothers in Arms


You were on level 1 of the Swamp.
You worshipped Trog.
Trog was extremely pleased with you.
You visited 4 branches of the dungeon, and saw 20 of its levels.

You collected 1654 gold pieces.
You spent 840 gold pieces at shops.

Inventory:

Missiles
 d - 45 stones (quivered)
 j - 8 poisoned darts
 r - 5 javelins
 I - 6 silver javelins
 J - 3 boomerangs of dispersal
 L - 2 silver boomerangs
 N - a curare-tipped dart
 T - 4 large rocks
Armour
 a - a scarf of resistance (worn)
 P - +3 gold dragon scales (worn)
Jewellery
 c - a ring of protection from fire
 u - an amulet of reflection (around neck)
 w - a +6 ring of strength
 D - a +4 ring of slaying (left claw)
 E - an amulet of the acrobat
 O - a ring of willpower (right claw)
Wands
 g - a wand of flame (23)
 F - a wand of charming (26)
 K - a wand of digging (14)
 M - a wand of acid (5)
 Q - a wand of iceblast (12)
Scrolls
 e - 7 scrolls of fog
 f - 11 scrolls of teleportation
 h - 5 scrolls of enchant weapon
 i - a scroll of fear
 k - 6 scrolls of magic mapping
 m - 4 scrolls of vulnerability
 n - 2 scrolls of poison {unknown}
 o - 2 scrolls of torment {unknown}
 v - a scroll of brand weapon {unknown}
 x - 6 scrolls of blinking
 y - 4 scrolls of immolation
 z - 2 scrolls of acquirement {unknown}
Potions
 b - 5 potions of lignification
 l - 2 potions of invisibility
 p - 13 potions of curing
 q - 2 potions of attraction
 s - 2 potions of might
 t - 5 potions of heal wounds
 A - 2 potions of cancellation {unknown}
 B - 3 potions of flight
 C - a potion of berserk rage {unknown}
 G - a potion of haste {unknown}
 H - 2 potions of resistance {unknown}
Miscellaneous
 R - a box of beasts


   Skills:
 + Level 13.0 Fighting
 + Level 8.1 Throwing
 - Level 5.0 Armour
 - Level 3.0 Dodging
 + Level 15.3 Unarmed Combat
 - Level 5.0 Evocations


You had 13 spell levels left.
You didn't know any spells.
Your spell library was empty.

Dungeon Overview and Level Annotations

Branches:
Dungeon (12/15)            Temple (0/1) D:7            Lair (5/6) D:8
  Swamp (1/4) Lair:4       Spider (0/4) Lair:2        Slime (0/5) Lair:5
    Orc (2/2) D:10            Elf (0/3) Orc:2

Altars:
Ashenzari
Cheibriados
Elyvilon
Gozag
Ru
Sif Muna
Uskayaw
Vehumet
Wu Jian
The Shining One
Jiyva

Shops:
D:5 *?=   Orc:2 [*(:

Annotations:
D:9 3 runed translucent doors
Lair:4 exclusion: ice statue
Swamp:1 Donald


Innate Abilities, Weirdness & Mutations

You are too large for most types of armour.
You have claws for hands.
Your natural rate of healing is unusually fast.
You are covered in fur. (AC +1)
You have tough skin. (AC +1)


Message History

Splash!
You fall into the shallow water.
Moving in this stuff is going to be slow.
Donald and a spriggan come into view.
Donald is wielding a +0 eveningstar and wearing a +0 plate armour of poison resistance.
You hear a shout!
You barely miss the swamp worm.
Donald shouts!
The spriggan shouts!
Donald mumbles some strange words.
Donald seems to speed up.
The swamp worm bites you!
You mangle the swamp worm!!
The swamp worm is severely wounded.
Unknown command.
You scratch the swamp worm. Your claw misses the swamp worm.
The swamp worm is almost dead.
The swamp worm bites you!
You claw the swamp worm!
You kill the swamp worm!
Trog accepts your kill. Donald says, "I hate you, too."
A spriggan comes into view. It is wielding a +0 rapier.
Donald casts a spell.
Donald seems to grow stronger.
Donald says, "You troglodyte!"
Found a sling.
Donald says, "Are you sure you're allowed to read scrolls?"
Your skin crawls.
You feel strong-willed.
Donald hits you with a +0 eveningstar!!!
The spriggan hits you but does no damage.
You block Donald's attack.
You scratch Donald but do no damage. The spriggan hits you with a +0 rapier.
Donald says, "This is such a pointless quest."
Donald hits you with a +0 eveningstar! Donald hits you with a +0 eveningstar!!
The spriggan hits you with a +0 rapier! Donald hits you with a +0 eveningstar!
The spriggan hits you with a +0 rapier!
* * * LOW HITPOINT WARNING * * *
There is a staircase back to the Lair, spattered with blood here.
Donald hits you with a +0 eveningstar!!!
You die...

≈.≈§≈≈≈≈≈.≈≈≈≈♣
..≈§≈≈≈≈≈.§.≈.♣
.≈≈≈≈≈≈≈≈.....
...≈≈≈≈≈≈...≈♣
....≈≈≈≈≈§.§≈♣♣
≈...≈)≈≈≈≈...≈♣
≈.≈≈...≈≈..≈♣
≈.........♣♣ ♣♣
...≈...≈@?.♣.≈♣
≈≈...≈≈@ii..♣
≈≈≈..≈≈≈≈≈≈.♣
≈≈≈..≈≈≈≈≈≈.♣
.....≈≈†≈.≈≈.≈.
≈≈....≈≈..≈≈...≈
≈♣♣≈....≈♣♣...♣♣
♣♣♣≈..♣♣ ≈...)
♣♣≈♣≈ .≈≈≈≈


You could see Donald (fast, strong) and 2 spriggans.

Vanquished Creatures
  Snorg (Lair:4)
  4 hydras
  Harold (Orc:1)
  2 boulder beetles (Lair:2)
  Erolcha (Orc:2)
  A two-headed ogre (D:8)
  A tengu warrior (D:11)
  4 death yaks (Lair:4)
  Sonja (D:11)
  2 bog bodies (Lair:4)
  Pikel (D:9)
  9 orc sorcerers (Orc:2)
  3 elephants
  9 cane toads
  An eye of devastation (Lair:5)
  3 kobold demonologists (D:12)
  3 rime drakes
  A komodo dragon (shapeshifter) (D:12)
  3 komodo dragons
  An unseen horror (D:10)
  A tengu conjurer (D:11)
  A freezing wraith (Lair:4)
  2 polar bears
  A meliai (Lair:2)
  Grinder (D:4)
  A queen bee (D:12)
  3 trolls
  4 slime creatures (D:12)
  17 blink frogs
  7 wyverns
  A wraith (D:9)
  A shadow (D:10)
  A vampire (D:12)
  54 yaks
  Grum (D:10)
  3 basilisks
  A steam dragon (D:10)
  3 wargs
  2 swamp worms (Swamp:1)
  2 acid dragons
  5 water moccasins
  A floating eye (Lair:5)
  12 orc warriors
  2 sky beasts
  7 ice beasts
  7 black bears
  7 centaurs
  6 ogres
  10 wolves
  A lemure (D:9)
  12 bullfrogs
  A gnoll sergeant (D:11)
  2 necrophages
  4 scorpions
  19 killer bees
  2 howler monkeys (D:10)
  3 electric eels
  6 hounds
  2 jellies (D:5)
  18 orc priests
  An iguana (D:5)
  39 orc wizards
  2 mummies
  Robin (D:3)
  12 gnolls
  5 adders
  A shadow imp (D:8)
  7 white imps
  An ufetubus (D:4)
  2 worms (D:2)
  3 dart slugs
  86 orcs
  8 ball pythons
  11 bats
  9 endoplasms
  2 giant cockroaches (D:1)
  12 hobgoblins
  12 jackals (D:1)
  5 quokkas
  A frilled lizard (D:2)
  11 goblins
  2 hobgoblin zombies (D:5)
  12 kobolds
  2 kobold zombies (D:5)
  6 rats
539 creatures vanquished.

Vanquished Creatures (others)
  2 orc wizards (Orc:2)
  An orc (Orc:2)
  26 fungi
  42 plants
71 creatures vanquished.

Grand Total: 610 creatures vanquished

Notes
Turn   | Place    | Note
-------+----------+-------------------------------------------
     0 | D:1      | kevlar127 the Troll Berserker began the quest for the Orb.
     0 | D:1      | Reached XP level 1. HP: 22/22 MP: 0/0
   146 | D:1      | Reached XP level 2. HP: 29/29 MP: 1/1
   427 | D:1      | Reached ** piety under Trog
   469 | D:1      | Reached XP level 3. HP: 34/36 MP: 2/2
   907 | D:2      | Reached XP level 4. HP: 25/45 MP: 3/3
   910 | D:2      | Reached skill level 4 in Unarmed Combat
  2926 | D:3      | Reached XP level 5. HP: 51/53 MP: 4/4
  3131 | D:3      | Reached *** piety under Trog
  3201 | D:3      | Found a faded altar of an unknown god.
  3448 | D:3      | Noticed Robin
  3473 | D:3      | Killed Robin
  3611 | D:4      | Identified the +1 leather armour of the Mind {rPois rF+ rC-
                  | Regen+}
  3722 | D:4      | Noticed Grinder
  3733 | D:4      | Paralysed by Grinder for 4 turns
  3747 | D:4      | Killed Grinder
  3748 | D:4      | Reached skill level 5 in Unarmed Combat
  3748 | D:4      | Reached XP level 6. HP: 7/63 MP: 5/5
  4027 | D:4      | Found an opulent altar of Gozag.
  4061 | D:4      | Noticed an ice beast
  4064 | D:4      | Killed an ice beast
  4094 | D:4      | Reached XP level 7. HP: 71/71 MP: 6/6
  4208 | D:4      | Reached skill level 6 in Unarmed Combat
  4229 | D:4      | Reached skill level 5 in Fighting
  4807 | D:5      | Entered Level 5 of the Dungeon
  5166 | D:5      | Reached skill level 7 in Unarmed Combat
  5225 | D:5      | Found Kogakhluffyo's Lightly-Used Armoury.
  5276 | D:5      | Reached XP level 8. HP: 83/83 MP: 7/7
  5317 | D:5      | Found Jothuih's Jewellery Shop.
  5330 | D:5      | Found Hots's Magic Scroll Shoppe.
  5810 | D:6      | Found a glowing golden altar of the Shining One.
  5954 | D:6      | Reached skill level 8 in Unarmed Combat
  6024 | D:6      | Reached **** piety under Trog
  6040 | D:6      | Reached skill level 1 in Throwing
  6664 | D:7      | Reached XP level 9. HP: 72/93 MP: 8/8
  6749 | D:7      | Found a radiant altar of Vehumet.
  6771 | D:7      | Found a snail-covered altar of Cheibriados.
  6962 | D:7      | Found a staircase to the Ecumenical Temple.
  7421 | D:8      | Reached skill level 9 in Unarmed Combat
  7440 | D:8      | Found a sacrificial altar of Ru.
  7476 | D:8      | Noticed an elephant
  7484 | D:8      | Killed an elephant
  7486 | D:8      | Noticed a two-headed ogre
  7497 | D:8      | Killed a two-headed ogre
  7909 | D:8      | Found a staircase to the Lair.
  9774 | D:9      | Found a runed translucent gate.
  9775 | D:9      | Found a runed translucent gate.
  9775 | D:9      | Noticed a white ugly thing
  9776 | D:9      | Found a runed translucent gate.
  9776 | D:9      | Noticed a green ugly thing
  9777 | D:9      | Noticed a red ugly thing
  9777 | D:9      | Noticed a green ugly thing
  9778 | D:9      | Noticed a purple ugly thing
  9778 | D:9      | Noticed a glowing orange brain
  9830 | D:9      | Reached XP level 10. HP: 78/104 MP: 9/9
  9851 | D:9      | Reached skill level 10 in Unarmed Combat
 10272 | D:9      | Found a white marble altar of Elyvilon.
 10306 | D:9      | Reached skill level 5 in Throwing
 10313 | D:9      | Found a shimmering blue altar of Sif Muna.
 10365 | D:9      | Noticed Pikel
 10386 | D:9      | Killed Pikel
 10984 | D:10     | Entered Level 10 of the Dungeon
 11018 | D:10     | Reached skill level 11 in Unarmed Combat
 11044 | D:10     | Identified the +3 shortbow of Greatest Utility {flame,
                  | *Slow rC++ rN+ rCorr}
 11094 | D:10     | Found a staircase to the Orcish Mines.
 11112 | D:10     | Reached skill level 1 in Armour
 11121 | D:10     | Reached skill level 1 in Evocations
 11412 | D:10     | Reached XP level 11. HP: 103/115 MP: 10/10
 11461 | D:10     | Noticed Grum
 11488 | D:10     | HP: 6/172 [Grum/+1 spear (9)]
 11497 | D:10     | Killed Grum
 12127 | D:10     | Found a broken altar of Ashenzari.
 12317 | D:11     | Noticed Sonja
 12334 | D:11     | Killed Sonja
 12547 | D:11     | Noticed a five-headed hydra
 12548 | D:11     | Noticed a four-headed hydra
 12574 | D:12     | Noticed an eight-headed hydra
 12875 | D:12     | Reached skill level 10 in Fighting
 12951 | D:12     | Noticed a soul eater
 12967 | D:12     | Reached skill level 12 in Unarmed Combat
 13281 | D:11     | Noticed a tengu warrior
 13289 | D:11     | Killed a tengu warrior
 13463 | D:11     | Killed an eight-headed hydra
 13649 | D:11     | Killed a six-headed hydra
 13857 | Orc:1    | Entered Level 1 of the Orcish Mines
 14041 | Orc:1    | Reached XP level 12. HP: 128/128 MP: 11/11
 14044 | Orc:1    | Noticed Harold
 14070 | Orc:1    | Killed Harold
 14773 | D:5      | Bought -2 gold dragon scales for 840 gold pieces
 14920 | Orc:2    | Entered Level 2 of the Orcish Mines
 14943 | Orc:2    | Reached ***** piety under Trog
 15155 | Orc:2    | Found a staircase to the Elven Halls.
 15612 | Orc:2    | Reached skill level 13 in Unarmed Combat
 15717 | Orc:2    | Identified the +10 mace of the Boiling Point {vorpal, rF+}
                  | (Trog gifted it to you on level 2 of the Orcish Mines)
 15717 | Orc:2    | Received a gift from Trog
 15908 | Orc:2    | Found Xoickum's Antique Armour Boutique.
 15908 | Orc:2    | Found Xomujao's General Store.
 16006 | Orc:2    | Found Paugeuna's Antique Weapon Boutique.
 16052 | Orc:2    | Found Dunyets's Book Emporium.
 16162 | Orc:2    | Noticed Erolcha
 16169 | Orc:2    | Killed Erolcha
 16579 | Lair:1   | Entered Level 1 of the Lair of Beasts
 17526 | Lair:2   | Found an ornate altar of the Wu Jian Council.
 17543 | Lair:2   | Noticed a boulder beetle
 17544 | Lair:2   | Found a hide-covered altar of Uskayaw.
 17552 | Lair:2   | Killed a boulder beetle
 17553 | Lair:2   | Reached skill level 14 in Unarmed Combat
 17585 | Lair:2   | Found a hole to the Spider Nest.
 17585 | Lair:2   | Noticed a boulder beetle
 17598 | Lair:2   | Killed a boulder beetle
 17599 | Lair:2   | Reached XP level 13. HP: 77/139 MP: 12/12
 18267 | Lair:2   | You fall into a shaft and drop 1 floor!
 19110 | Lair:2   | Reached skill level 5 in Evocations
 19484 | Lair:3   | Received a gift from Trog
 20047 | Lair:4   | Found a staircase to the Swamp.
 20218 | Lair:4   | Reached skill level 5 in Armour
 20458 | Lair:4   | Noticed Snorg
 20473 | Lair:4   | Killed Snorg
 21681 | Lair:5   | Reached skill level 15 in Unarmed Combat
 21775 | Lair:5   | Received a gift from Trog
 21829 | Lair:5   | Reached XP level 14. HP: 88/150 MP: 13/13
 22083 | Lair:5   | Found a viscous altar of Jiyva.
 22113 | Lair:5   | Paralysed by a floating eye for 2 turns
 22139 | Lair:5   | Found a staircase to the Slime Pits.
 22649 | Lair:4   | Found a staircase to the Swamp.
 22927 | Swamp:1  | Entered Level 1 of the Swamp
 22930 | Swamp:1  | Noticed Donald
 22940 | Swamp:1  | Slain by Donald

Illustrated notes

Levels and vault maps discovered:
D:1:      minmay_arrival_solitary_statue, layout_loops_corners
D:2:      layout_basic
D:3:      layout_basic, dreamdust_ecumenical_altar_statues, minmay_starry_boxes,
          uniq_robin
D:4:      layout_loops_cross, nicolae_gozag_cash_rules_everything_around_me,
          abandoned_shop, uniq_grinder
D:5:      layout_loops_ring, serial_shops, nicolae_shop_behind_doors,
          minmay_shop_enchanted_jewellery, minmay_shop_damaged,
          minmay_mini_ossuary
D:6:      layout_loops_ring, nicolae_tso_swordbearing_angel
D:7:      layout_loops_ring, slow_altar_1, vehumet_altar_wand_db,
          lemuel_temple_firewalk_a
D:8:      layout_basic, kennysheep_little_box, david_lair_generic,
          minmay_strange_pillars
D:9:      layout_long_grid, lemuel_doored_altar,
          mainiacjoe_overflow_small_starburst,
          ploomutoo_gammafunk_ghost_potion_laboratory, uniq_pikel
D:10:     layout_irregular_city, ashenzari_conservatory_becter,
          hiddenorc2_lemuel, uniq_grum
D:11:     layout_cross, uniq_sonja
D:12:     layout_loops_corners, serial_shops, nicolae_shop_hallway_stairs,
          nicolae_looking_at_the_future, uniq_rupert, uniq_jorgrun
Lair:1:   layout_chaotic_city, serial_bayou_ford_a, minivault_25,
          grunt_forest_small_clearings
Lair:2:   layout_concentric_octagons, hellmonk_spider_entry_not_the_bees,
          nzn_masters_of_martial_movement, grunt_megastairs_3, lemuel_fruit_tree
Lair:3:   layout_long_grid, grunt_megastairs_1, infiniplex_staircase_pool_2,
          lemuel_fruit_fields
Lair:4:   layout_long_grid, skrybe_swamp_entry_bodies, ice2_lemuel,
          serial_bayou_shore_a, uniq_snorg
Lair:5:   layout_concentric_octagons, minmay_slime_entry_eyes,
          beast_lair_carwin_11, grunt_megastairs_2
Swamp:1:  layout_basic_swamp, nicolae_swamp_big_swirl, swamp_pool2, uniq_donald
Orc:1:    layout_caves, basic_altar, uniq_harold
Orc:2:    st_orc_town, layout_caves, uniq_erolcha

Skill      XL: |  1  2  3  4  5  6  7  8  9 10 11 12 13 14 |
---------------+-------------------------------------------+-----
Fighting       | 3 4 5 7 8 9 10 11 12 13 | 13.0
Dodging        | 3 |  3.0
Unarmed Combat | 4 5 7 8 9 11 12 14 15 | 15.3
Throwing       | 2 4 5 6 8 |  8.1
Armour         | 1 3 4 5 |  5.0
Evocations     | 1 3 4 5 |  5.0

Action                   |  1- 3 |  4- 6 |  7- 9 | 10-12 | 13-15 || total
-------------------------+-------+-------+-------+-------+-------++-------
Melee: Unarmed           |   123 |   153 |   204 |   739 |   349 ||  1568
       Punch             |       |     5 |     5 |    55 |    33 ||    98
Throw: Boomerang         |       |       |       |   102 |       ||   102
       Stone             |       |       |       |    56 |    27 ||    83
       Dart              |       |       |       |    18 |    14 ||    32
       Javelin           |       |       |       |     6 |       ||     6
       Throwing net      |       |       |       |     1 |       ||     1
       Large rock        |       |       |       |       |     2 ||     2
Invok: Trog's Hand       |     1 |       |     1 |    16 |     6 ||    24
       Berserk           |       |     1 |     1 |     7 |       ||     9
Evoke: Wand              |       |       |       |     9 |     5 ||    14
  Use: Scroll            |       |       |     8 |    16 |     5 ||    29
       Potion            |       |       |       |     1 |       ||     1
 Stab: Sleeping          |       |     1 |       |       |       ||     1
Armor: Animal skin       |    41 |    58 |     7 |       |       ||   106
       Pearl dragon scal |       |       |    79 |   227 |       ||   306
       Gold dragon scale |       |       |       |   127 |   166 ||   293
Dodge: Dodged            |    57 |    79 |    83 |   205 |    64 ||   488
Block: Other             |       |       |    31 |   147 |    64 ||   242
       Reflection        |       |       |     2 |     7 |     1 ||    10

Table legend: (Time is in decaauts)
 A = Elapsed time spent in this place.
 B = Non-inter-level travel time spent in this place.
 C = Inter-level travel time spent in this place.
 D = Time resting spent in this place.
 E = Time spent auto-exploring this place.
 F = Levels seen in this place.
 G = Mean time per level.
                   A        B        C        D        E       F      G
               +--------+--------+--------+--------+--------+-----+--------+
         Total |  22768 |  19807 |   2961 |   4580 |  11229 |  20 | 1138.4 |
       Dungeon |  14300 |  12047 |   2253 |   2606 |   7062 |  12 | 1191.7 |
          Lair |   6161 |   5568 |    593 |   1221 |   3274 |   5 | 1232.2 |
         Swamp |     12 |     12 |      0 |      0 |      0 |   1 |   12.0 |
  Orcish Mines |   2293 |   2179 |    114 |    753 |    892 |   2 | 1146.5 |
               +--------+--------+--------+--------+--------+-----+--------+

Top non-repeatable levels by time:
     D:2: 2044 daAuts
  Lair:4: 1579 daAuts
     D:9: 1447 daAuts
     D:6: 1429 daAuts
    D:10: 1360 daAuts
     D:8: 1316 daAuts
  Lair:3: 1296 daAuts
  Lair:5: 1241 daAuts
     D:4: 1224 daAuts
  Lair:2: 1206 daAuts
   Orc:2: 1197 daAuts
   Orc:1: 1096 daAuts
     D:7: 1091 daAuts
     D:5: 1085 daAuts
    D:11: 901 daAuts
